 Dungeon Crawl Stone Soup version 0.28.0-45-g0d030f2227 (webtiles) character file.

Game seed: 10460004332260154465

203 dianekeaton the Chopper (level 5, -2/45 HPs)
             Began as a Hill Orc Fighter on Apr 3, 2022.
             Slain by an orc
             ... wielding a +0 trident
              (6 damage)
             ... on level 4 of the Dungeon on Apr 4, 2022.
             The game lasted 00:03:58 (1830 turns).

dianekeaton the Chopper (Hill Orc Fighter)          Turns: 1830, Time: 00:03:58

Health: -2/45      AC:  9    Str: 21    XL:     5   Next: 81%
Magic:  5/5        EV:  7    Int:  8    God:
Gold:   61         SH:  4    Dex: 10    Spells: 4/4 levels left

rFire   . . .      SeeInvis .   a - +0 war axe
rCold   . . .      Faith    .   c - +0 buckler
rNeg    . . .      Spirit   .   j - +0 chain mail
rPois   .          Reflect  .   (no helmet)
rElec   .          Harm     .   (no cloak)
rCorr   .          Rampage  .   (no gloves)
Will    .....                   (no boots)
Stlth   ..........              (no amulet)
HPRegen 0.15/turn               (no ring)
MPRegen 0.09/turn               (no ring)

@: no status effects
A: no striking features
a: no special abilities


You were on level 4 of the Dungeon.
You visited 1 branch of the dungeon, and saw 3 of its levels.

You collected 78 gold pieces.
You spent 17 gold pieces at shops.

Inventory:

Hand Weapons
 a - a +0 war axe (weapon)
Missiles
 k - 82 stones (quivered)
Armour
 c - a +0 buckler (worn)
 j - a +0 chain mail (worn)
Scrolls
 b - a scroll of vulnerability {unknown}
 g - a scroll of blinking {unknown}
 h - a scroll of teleportation {unknown}
 i - a scroll of fear {unknown}
 l - a scroll of enchant armour {unknown}
 p - a scroll of identify {unknown}
Potions
 d - 2 potions of might
 e - 3 potions of curing {unknown}
 f - a potion of attraction {unknown}
 m - a potion of ambrosia {unknown}
 n - a potion of invisibility {unknown}
 o - a potion of heal wounds {unknown}


   Skills:
 - Level 3.6 Fighting
 + Level 7.6 Axes
 - Level 3.2 Armour
 - Level 0.3 Dodging
 - Level 3.2 Shields


You had 4 spell levels left.
You didn't know any spells.
Your spell library contained the following spells:

 Spells                   Type           Power      Damage    Failure   Level
 Static Discharge         Conj/Air       0%         N/A       100%        2
 Dispel Undead            Necr           0%         3d6       100%        4
 Sticky Flame             Conj/Fire      0%         2d3       100%        4
 Summon Forest            Summ/Tloc      0%         N/A       100%        5
 Eringya's Noxious Bog    Tmut/Pois      0%         N/A       100%        6
 Summon Hydra             Summ           0%         N/A       100%        7


Dungeon Overview and Level Annotations

Branches:
Dungeon (2/15)

Altars:

Shops:
D:1 (


Message History

You hear the brisk rusting of a very distant drain.
You hear the quick rusting of a very distant drain.
An orc priest comes into view. It is wielding a +0 club.
The orc priest shouts, "Surrender to Beogh and we'll let you live!" (press Y on the ability menu to convert to Beogh)
The orc priest shouts!
You hear a shout!
You see here a worm corpse.
Found a stone staircase leading down.
An orc comes into view. It is wielding a +0 trident.
An orc comes into view. It is wielding a +0 falchion.
The orc shouts!
The orc priest hits you but does no damage.
You completely miss the orc priest. The orc priest hits you with a +0 club.
You hit the orc priest.
The orc priest is lightly wounded.
The orc priest calls down the wrath of Beogh upon you.
Beogh smites you! The orc hits you with a +0 falchion.
The orc priest closely misses you. The orc hits you with a +0 trident.
The orc completely misses you. The orc priest hits you with a +0 club.
The orc hits you but does no damage.
You slash the orc priest!
You kill the orc priest!
You hit the orc. The orc hits you with a +0 falchion.
* * * LOW HITPOINT WARNING * * *
The orc barely misses you. The orc hits you but does no damage.
You see here a +0 club.
There is a stone staircase leading down here.
You hit the orc but do no damage.
The orc is severely wounded.
You block the orc's attack. The orc hits you with a +0 falchion.
* * * LOW HITPOINT WARNING * * *
You slash the orc!
You kill the orc!
The orc hits you but does no damage.
The orc hits you from afar with a +0 trident.
* * * LOW HITPOINT WARNING * * *
The orc hits you from afar with a +0 trident.
You die...

###....####
#....# #....#
#########.####
##......##.#
#... ..##.#
#.###..####.##.#
#........##.##.#
#@.#.....†.#
#..####)####
#..o...>#
#########


You could see an orc.

Vanquished Creatures
  An ogre (D:4)
  A howler monkey (D:4)
  An orc priest (D:4)
  2 adders (D:2)
  A worm (D:4)
  An orc (D:4)
  6 bats
  5 endoplasms
  2 goblins
  A hobgoblin (D:1)
  4 jackals (D:4)
  A kobold (D:1)
  A quokka (D:1)
  A ball python (D:2)
  3 rats
31 creatures vanquished.

Notes
Turn   | Place    | Note
-------+----------+-------------------------------------------
     0 | D:1      | dianekeaton the Hill Orc Fighter began the quest for the
                  | Orb.
     0 | D:1      | Reached XP level 1. HP: 19/19 MP: 1/1
   128 | D:1      | Reached skill level 3 in Axes
   314 | D:1      | Reached XP level 2. HP: 22/26 MP: 2/2
   635 | D:1      | Found Qaol's Weapon Shoppe.
   641 | D:1      | Bought 16 stones for 17 gold pieces
  1176 | D:2      | Reached skill level 4 in Axes
  1237 | D:2      | Reached XP level 3. HP: 26/31 MP: 3/3
  1407 | D:2      | You fall into a shaft and drop 2 floors!
  1440 | D:4      | Reached skill level 5 in Axes
  1440 | D:4      | Reached XP level 4. HP: 37/39 MP: 4/4
  1495 | D:4      | Reached skill level 6 in Axes
  1513 | D:4      | Noticed an ogre
  1531 | D:4      | Killed an ogre
  1532 | D:4      | Reached skill level 7 in Axes
  1532 | D:4      | Reached XP level 5. HP: 22/45 MP: 5/5
  1830 | D:4      | Slain by an orc

Illustrated notes

Levels and vault maps discovered:
D:1:      elethiomel_arrival_infinity_welcomes_careful_drivers,
          layout_loops_corners, serial_shops, nicolae_diamond_shop
D:2:      minmay_spotlight, layout_loops_ring,
          dreamdust_ecumenical_altar_statues, minmay_worlds_worst_comb
D:4:      layout_loops_cross, cheibrodos_sewer_entry_bend

Skill      XL: |  1  2  3  4 |
---------------+-------------+-----
Axes           | 3 4 5 7 |  7.6
Fighting       | |  3.6
Armour         | |  3.2
Dodging        | |  0.3
Shields        | |  3.2

Action                   |  1- 3 |  4- 6 || total
-------------------------+-------+-------++-------
Melee: War axe           |    64 |    32 ||    96
Throw: Stone             |       |     2 ||     2
Armor: Scale mail        |    18 |       ||    18
       Chain mail        |    31 |    15 ||    46
Dodge: Dodged            |    33 |    10 ||    43
Block: Buckler           |    18 |     5 ||    23
